 Dungeon Crawl Stone Soup version 0.25.1-2-g60ff931df9 (webtiles) character file.

Game seed: 18267672028184164977

1026 growler the Digger (level 7, -3/50 HPs)
             Began as a Demigod Earth Elementalist on Oct 15, 2020.
             Splashed by a jelly's acid (11 damage)
             ... on level 5 of the Dungeon.
             The game lasted 00:14:16 (8267 turns).

growler the Digger (Demigod Earth Elementalist)     Turns: 8267, Time: 00:14:17

Health: -3/50      AC:  4    Str: 11    XL:     7   Next: 72%
Magic:  1/13       EV: 12    Int: 23    God:
Gold:   253        SH:  0    Dex: 16    Spells: 6/10 levels left

rFire    . . .     SeeInvis .   g - +1 dagger
rCold    . . .     Gourm    .   (no shield)
rNeg     . . .     Faith    .   i - +1 leather armour
rPois    .         Spirit   .   (no helmet)
rElec    .         Reflect  .   (no cloak)
rCorr    .         Harm     .   (no gloves)
MR       .....                  (no boots)
Stlth    ++........             (no amulet)
HPRegen  0.16/turn              (no ring)
MPRegen  0.13/turn              (no ring)

@: very slightly contaminated
A: high mp 1
a: no special abilities


You were on level 5 of the Dungeon.
You were not hungry.

You visited 2 branches of the dungeon, and saw 6 of its levels.

You collected 253 gold pieces.

Inventory:

Hand Weapons
 g - a +1 dagger (weapon)
   (You took it off a kobold on level 1 of the Dungeon)
 t - a +0 morningstar
   (You took it off an orc on level 4 of the Dungeon)
Missiles
 u - 23 stones (quivered)
Armour
 c - a +0 robe
 h - a +1 kite shield of fire resistance
   (You found it on level 1 of the Dungeon)
 i - a +1 leather armour (worn)
   (You found it on level 1 of the Dungeon)
Magical Staves
 w - an uncursed staff of cold
   (You found it on level 5 of the Dungeon)
Jewellery
 k - an uncursed amulet of reflection {unknown}
   (You found it on level 2 of the Dungeon)
 o - a cursed amulet of inaccuracy {unknown}
   (You found it on level 5 of the Dungeon)
Wands
 b - a wand of polymorph (8)
   (You found it on level 4 of the Dungeon)
Scrolls
 a - a scroll of identify {unknown}
 d - 4 scrolls of teleportation {@r4}
 j - a scroll of magic mapping {unknown}
 l - 2 scrolls of enchant weapon
 m - 3 scrolls of remove curse {@r2}
 n - a scroll of amnesia {unknown}
 p - a scroll of enchant armour
 q - a scroll of immolation {unknown}
 r - a scroll of fog {unknown}
Potions
 f - a potion of flight
 s - a potion of ambrosia
 v - a potion of might {unknown}
Comestibles
 e - 10 rations {!d}


   Skills:
 - Level 1.7 Dodging
 - Level 1.7 Stealth
 + Level 3.6 Shields
 - Level 2.0 Spellcasting
 + Level 3.6 Conjurations
   Level 0.8 Transmutations
 - Level 7.0 Earth Magic


You had 6 spell levels left.
You knew the following spells:

 Your Spells              Type           Power        Failure   Level  Hunger
a - Sandblast             Erth           ####..       1%          1    #......
x - Stone Arrow           Conj/Erth      ####..       6%          3    ###....

Your spell library contained the following spells:

 Spells                   Type           Power        Failure   Level  Hunger
 Passwall                 Tmut/Erth      ###.....     4%          2    ##.....
 Lee's Rapid Deconstruct  Erth           ####......   26%         5    ######.
 Petrify                  Tmut/Erth      ###.....     32%         4    #####..


Dungeon Overview and Level Annotations

Branches:
Dungeon (5/15)             Temple (1/1) D:5

Annotations:
D:2 Terence


Innate Abilities, Weirdness & Mutations

You have an increased reservoir of magic. (+10% MP)


Message History

Aim: a worker ant (heavily wounded)
The stone arrow misses the worker ant.
You are starving!
You eat one of the 11 rations {!d}.
That ration really hit the spot!
Aim: a worker ant (heavily wounded)
The stone arrow hits the worker ant!!
You kill the worker ant!
Unknown command.
A centaur comes into view.
You see here a worker ant corpse.
A centaur is nearby!
The centaur shouts!
The centaur wields a +0 shortbow.
The centaur shoots an arrow.
The arrow hits you!
You see here an arrow.
The centaur shoots an arrow.
The arrow hits you!
You see here an arrow.
The centaur shoots an arrow.
The arrow hits you but does no damage.
The centaur shoots an arrow.
The arrow hits you.
You see here 2 arrows.
The centaur shoots an arrow.
The arrow barely misses you.
A jelly comes into view.
The jelly quivers.
You see here an arrow.
The centaur shoots an arrow.
The arrow closely misses you.
You see here an arrow.
The centaur unwields a +0 shortbow.
The centaur hits you!
* * * LOW HITPOINT WARNING * * *
The jelly barely misses you. The centaur hits you!
* * * LOW HITPOINT WARNING * * *
You see here an arrow.
Aim: a centaur, quivering 7 arrows You miscast Stone Arrow.
You are very lightly contaminated with residual magic.
Nothing appears to happen.
The centaur hits you.
* * * LOW HITPOINT WARNING * * *
The centaur hits you but does no damage.
Aim: a centaur, quivering 7 arrows The stone arrow hits the centaur!
The centaur closely misses you.
Aim: a centaur, quivering 7 arrows (severely wounded)
The stone arrow hits the centaur!
You kill the centaur!
You see here an arrow.
Aim: a jelly The stone arrow hits the jelly!
The jelly jiggles.
The jelly hits you.
* * * LOW HITPOINT WARNING * * *
You are splashed with acid!
You die...

#...# .# .# ....##.#
.# .....[. .# #....#
.#
.....#####.######.###
...........##.......#
.[...####### #)#
.....####### #J#
...........[ #@#
.#..##.....># #(# #
.#..........#.##(##.#
....##......#...(...#
.#..##......####†####
.......#########.#
###.#### #.......#
#.# #.####..#
#.###### #.....#


You could see a jelly.

Vanquished Creatures
  A phantom (D:4)
  2 ogres
  2 centaurs (D:5)
  A scorpion (D:4)
  3 crimson imps
  A centaur zombie (D:5)
  4 orc priests
  2 hounds
  An orc wizard (D:5)
  2 worker ants (D:5)
  2 gnolls (D:1)
  7 adders
  An adder skeleton (D:4)
  3 worms
  A dart slug (D:3)
  3 leopard geckos
  10 orcs
  A ball python (D:1)
  6 bats
  3 giant cockroaches
  7 goblins
  6 hobgoblins
  10 jackals
  2 quokkas
  3 frilled lizards
  6 kobolds
  A quokka zombie (D:5)
  2 rats
93 creatures vanquished.

Notes
Turn   | Place    | Note
-------+----------+-------------------------------------------
     0 | D:1      | growler the Demigod Earth Elementalist began the quest for
                  | the Orb.
     0 | D:1      | Reached XP level 1. HP: 14/14 MP: 5/5
   584 | D:1      | Reached skill level 3 in Earth Magic
   584 | D:1      | Reached XP level 2. HP: 20/20 MP: 4/7
  1087 | D:1      | Reached XP level 3. HP: 19/26 MP: 4/8
  1564 | D:1      | Learned a level 3 spell: Stone Arrow
  1565 | D:2      | Found a shattered altar of Ashenzari.
  1566 | D:2      | Found a blossoming altar of Fedhas.
  1566 | D:2      | Found a white marble altar of Elyvilon.
  1713 | D:2      | Found a sparkling altar of Nemelex Xobeh.
  1766 | D:2      | Found a snail-covered altar of Cheibriados.
  1767 | D:2      | Found a radiant altar of Vehumet.
  1871 | D:2      | Found a shadowy altar of Dithmenos.
  1872 | D:2      | Found a bloodstained altar of Trog.
  1905 | D:2      | Reached skill level 4 in Earth Magic
  2078 | D:2      | Noticed Terence
  3589 | D:3      | Reached XP level 4. HP: 33/33 MP: 4/9
  3793 | D:3      | You fall into a shaft and drop 2 floors!
  3793 | D:5      | Entered Level 5 of the Dungeon
  3990 | D:4      | Reached skill level 5 in Earth Magic
  3990 | D:4      | Reached XP level 5. HP: 27/38 MP: 4/10
  4893 | D:3      | Reached skill level 6 in Earth Magic
  5542 | D:4      | Noticed an ogre
  5710 | D:4      | Noticed a phantom
  6040 | D:4      | Killed a phantom
  6040 | D:4      | Reached XP level 6. HP: 21/45 MP: 0/11
  6244 | D:4      | Found an opulent altar of Gozag.
  6403 | D:4      | Reached skill level 7 in Earth Magic
  6623 | D:4      | Reached skill level 1 in Shields
  6623 | D:4      | Reached skill level 1 in Conjurations
  7038 | D:5      | Reached XP level 7. HP: 50/50 MP: 9/13
  7113 | D:5      | Found a staircase to the Ecumenical Temple.
  7379 | Temple   | Entered the Ecumenical Temple
  8267 | D:5      | Splashed by a jelly's acid

Illustrated notes

Levels and vault maps discovered:
D:1:      dpeg_arrival_arbitrary_c, layout_basic
D:2:      layout_loops_ring, nicolae_overflow_hidden_temple,
          grunt_temple_overflow_open, first_ration, uniq_terence
D:3:      layout_basic
D:4:      layout_loops_cross, kennysheep_mini_moat, st_stairs_1
D:5:      layout_loops_cross, temple_fountains
Temple:   nicolae_temple_god_jail

Skill      XL: |  1  2  3  4  5  6  7 |
---------------+----------------------+-----
Spellcasting   | 2 |  2.0
Earth Magic    | 3 4 5 6 7 |  7.0
Shields        | 1 3 |  3.6
Conjurations   | 1 3 |  3.6
Dodging        | |  1.7
Stealth        | |  1.7
Transmutations | |  0.8

Action                   |  1- 3 |  4- 6 |  7- 9 || total
-------------------------+-------+-------+-------++-------
Melee: Unarmed           |    59 |       |       ||    59
       Dagger            |   103 |   194 |    24 ||   321
 Cast: Sandblast         |    34 |    22 |     1 ||    57
       Stone Arrow       |       |    25 |    25 ||    50
  Use: Scroll            |       |     4 |       ||     4
       Potion            |       |     3 |       ||     3
 Stab: Sleeping          |     6 |     3 |       ||     9
  Eat: Chunk             |     8 |    11 |     4 ||    23
       Ration            |       |     1 |     1 ||     2
Armor: Robe              |    17 |       |       ||    17
       Leather armour    |    22 |    50 |    13 ||    85
Dodge: Dodged            |   120 |   137 |    32 ||   289
